 Dungeon Crawl Stone Soup version 0.25-a0-317-g5f8687b (webtiles) character file.

Game seed: 11994945928701376435, levelgen mode: deterministic

14365 severenz the Fighter (level 12, -5/101 HPs)
             Began as a Formicid Hunter on Dec 25, 2019.
             Was a High Priest of Okawaru.
             Slain by a five-headed hydra (13 damage)
             ... on level 1 of the Lair of Beasts.
             The game lasted 01:07:58 (13542 turns).

severenz the Fighter (Formicid Hunter)             Turns: 13542, Time: 01:08:00

Health: -5/101     AC:  8    Str: 18    XL:     12   Next: 44%
Magic:  17/17      EV: 20    Int: 13    God:    Okawaru [*****.]
Gold:   650        SH:  8    Dex: 20    Spells: 11/11 levels left

rFire    . . .     SeeInvis +   g - +2 whip (elec)
rCold    + . .     Gourm    +   h - +1 buckler
rNeg     + . .     Faith    .   H - +1 leather armour of the Frog {rPois rN+}
rPois    +         Spirit   .   (helmet unavailable)
rElec    .         Reflect  .   (no cloak)
rCorr    .         Harm     .   I - +1 pair of gloves
MR       +....                  E - +0 pair of boots
Stlth    +++.......             S - amulet of the gourmand
HPRegen  0.26/turn              N - +2 ring of dexterity
MPRegen  0.15/turn              O - ring of protection from cold

@: agile
A: permanent stasis, dig shafts and tunnels, four strong arms, antennae 3
a: Dig, Shaft Self, Heroism, Finesse, Renounce Religion


You were on level 1 of the Lair of Beasts.
You worshipped Okawaru.
Okawaru was extremely pleased with you.
You were very full.

You visited 3 branches of the dungeon, and saw 13 of its levels.
You also visited: Sewer.

You collected 720 gold pieces.
You spent 70 gold pieces at shops.

Inventory:

Hand Weapons
 a - a +1 hand crossbow of freezing
 g - a +2 whip of electrocution (weapon)
 p - a +3 dagger
 M - a +0 hand axe
Missiles
 c - 16 boomerangs (quivered)
 d - 147 bolts
 k - 404 stones
 l - 23 poisoned darts
 v - 6 silver javelins
Armour
 h - a +1 buckler (worn)
 j - a +0 ring mail
 q - a +0 chain mail
 w - a +0 plate armour
 E - a +0 pair of boots (worn)
 H - the +1 leather armour of the Frog (worn) {rPois rN+}
   (You found it on level 5 of the Dungeon)

   It protects you from poison.
   It protects you from negative energy.
 I - a +1 pair of gloves (worn)
Magical Staves
 m - an uncursed staff of summoning
Jewellery
 F - an uncursed ring of resist corrosion
 N - a +2 ring of dexterity (left hand)
 O - a ring of protection from cold (right hand)
 Q - an uncursed ring of poison resistance
 S - an amulet of the gourmand (around neck)
Wands
 A - a wand of polymorph (7)
 C - a wand of paralysis (12)
 D - a wand of iceblast (15)
 J - a wand of digging (8)
 K - a wand of random effects (43)
 P - a wand of acid (9)
Scrolls
 i - 3 scrolls of magic mapping
 o - 2 scrolls of immolation
 y - 2 scrolls of enchant armour
 z - 7 scrolls of remove curse
 R - 3 scrolls of enchant weapon
 T - a scroll of fog
Potions
 e - a potion of flight
 n - 6 potions of curing
 r - 3 potions of brilliance
 t - 3 potions of heal wounds
 u - 2 potions of magic
 x - a potion of agility
 B - 2 potions of cancellation
 G - a potion of resistance
 L - 2 potions of mutation
Comestibles
 f - 27 rations


   Skills:
 + Level 11.6 Fighting
 + Level 11.3 Crossbows
 - Level 5.5 Armour
 - Level 5.1 Dodging
 - Level 1.2 Stealth
 + Level 8.9 Shields
 + Level 7.4 Invocations


You had 11 spell levels left.
You didn't know any spells.
Your spell library contained the following spells:

 Spells                   Type           Power        Failure   Level  Hunger
 Shock                    Conj/Air       #...         34%         1    ##.....
 Swiftness                Chrm/Air       #.......     47%         2    ###....
 Static Discharge         Conj/Air       #.......     71%         3    ####...
 Airstrike                Air            #.........   98%         4    #####..
 Lightning Bolt           Conj/Air       #.........   100%        5    ######.


Dungeon Overview and Level Annotations

Branches:
Dungeon (11/15)            Temple (1/1) D:7            Lair (1/6) D:8
    Orc (0/2) D:10          Sewer (visited)

Altars:
Ashenzari
Cheibriados
Elyvilon
Fedhas
Gozag
Hepliaklqana
Kikubaaqudgha
Makhleb
Nemelex Xobeh
Okawaru
Qazlal
Ru
Sif Muna
Trog
Uskayaw
Vehumet
Wu Jian
Xom
Zin
The Shining One

Shops:
D:4 !


Innate Abilities, Weirdness & Mutations

You cannot be hasted, slowed, berserked, paralysed or teleported.
You can dig through walls and to a lower floor.
Your four strong arms can wield two-handed weapons with a shield.
You have a pair of large antennae on your head. (SInv)


Message History

The five-headed hydra closely misses you.
You block the five-headed hydra's attack.
You whack the five-headed hydra!
The five-headed hydra is heavily wounded.
The five-headed hydra bites you.
* * * LOW HITPOINT WARNING * * *
The five-headed hydra barely misses you.
You block the five-headed hydra's attack.
The five-headed hydra bites you.
* * * LOW HITPOINT WARNING * * *
The five-headed hydra bites you but does no damage.
Okay, then.
Are you sure you want to shaft yourself?
You feel quite a bit less full. The five-headed hydra bites you.
* * * LOW HITPOINT WARNING * * *
The five-headed hydra bites you!
* * * LOW HITPOINT WARNING * * *
The five-headed hydra completely misses you.
The five-headed hydra bites you!
You die...

....>.#
#.####..............
....### ###
#...............
...##
##..............
..#####
#)...#.......#.
#.##..###
#.#........###.
#.......#
##...........#..
#.##.##.#
#P..............
######..#
####...............
#.#####.#
#.@................
........#
#D####.♣♣♣♣P♣♣...#.
######### #.F
#♣.P.PPP♣♣..#. #.
♣PP..P≈PP♣.[## #.
♣.PP.≈≈≈P♣.### #.
♣.♣♣P≈≈≈.♣.##. #.
#.. ♣P♣≈♣.♣.... ..
#..# ♣PP♣♣♣..... ##.
#♣♣♣ #.....


You could see a five-headed hydra.

Vanquished Creatures
  Gastronok (Lair:1)
  2 two-headed ogres
  A skeletal warrior (D:10)
  Pikel (D:5)
  An ugly thing (D:11)
  A rime drake (Lair:1)
  A kobold demonologist (D:10)
  2 trolls
  A hornet (D:10)
  4 blink frogs (Lair:1)
  Prince Ribbit (D:5)
  2 hippogriffs
  10 yaks
  A spriggan (D:7)
  A shadow (D:11)
  Sigmund (D:5)
  A basilisk (Lair:1)
  A hungry ghost (D:10)
  Menkaure (D:5)
  Edmund (D:4)
  3 water moccasins (Lair:1)
  A porcupine (Lair:1)
  A sky beast (D:9)
  A slave (D:4)
  Purgy (Sewer)
  5 orc warriors
  2 ice beasts
  A black bear (D:8)
  3 ogres
  2 phantoms (D:10)
  3 eyes of draining
  A necrophage (D:9)
  4 centaurs
  2 crocodiles (Lair:1)
  2 big kobolds
  4 bullfrogs
  4 scorpions
  2 water moccasin skeletons
  3 troll zombies (D:10)
  3 killer bees (D:7)
  2 howler monkeys (D:4)
  4 crimson imps
  3 bullfrog zombies
  A centaur zombie (D:8)
  5 hounds
  2 jellies
  7 orc wizards
  Ijyb (D:4)
  6 orc priests
  4 bullfrog skeletons
  Terence (D:2)
  4 iguanas
  10 worker ants
  A killer bee zombie (D:5)
  5 ogre zombies (D:10)
  A hound zombie (D:7)
  3 hound skeletons
  A worker ant zombie (D:6)
  4 gnolls (D:4)
  An adder (D:2)
  A river rat (D:3)
  3 shadow imps
  An adder skeleton (D:7)
  5 worms
  A dart slug (D:3)
  7 leopard geckos
  32 orcs
  3 ball pythons
  7 giant cockroaches
  7 goblins
  5 hobgoblins
  15 jackals
  15 kobolds
  5 quokkas
  11 bats
  9 frilled lizards
  A goblin skeleton (D:6)
  3 goblin zombies
  A hobgoblin skeleton (D:10)
  6 hobgoblin zombies
  A jackal skeleton (D:5)
  A jackal zombie (D:8)
  A kobold skeleton (D:6)
  A kobold zombie (D:6)
  A leopard gecko skeleton (D:4)
  A leopard gecko zombie (D:6)
  2 orc skeletons
  20 orc zombies
  A quokka skeleton (D:9)
  7 rats
  A fungus (D:8)
  A plant (Lair:1)
325 creatures vanquished.

Vanquished Creatures (others)
  2 plants (Lair:1)
2 creatures vanquished.

Grand Total: 327 creatures vanquished

Notes
Turn   | Place    | Note
-------+----------+-------------------------------------------
     0 | D:1      | severenz the Formicid Hunter began the quest for the Orb.
     0 | D:1      | Reached XP level 1. HP: 16/16 MP: 1/1
   134 | D:1      | Reached XP level 2. HP: 23/23 MP: 2/2
   228 | D:1      | Found a sparkling altar of Nemelex Xobeh.
   660 | D:1      | Reached XP level 3. HP: 28/28 MP: 3/3
  1073 | D:2      | Reached skill level 1 in Shields
  1222 | D:2      | Reached XP level 4. HP: 31/35 MP: 4/4
  1428 | D:2      | Found a sparkling altar of Nemelex Xobeh.
  1728 | D:3      | Noticed Terence
  1739 | D:2      | Killed Terence
  1847 | D:3      | Found a glowing drain.
  1848 | D:3      | Reached XP level 5. HP: 41/41 MP: 5/5
  1859 | Sewer    | Entered a sewer
  1936 | Sewer    | Noticed Purgy
  1941 | Sewer    | Killed Purgy
  1941 | Sewer    | Reached skill level 5 in Crossbows
  1941 | Sewer    | Reached XP level 6. HP: 46/48 MP: 6/6
  2736 | D:4      | Noticed Ijyb
  2758 | D:4      | Killed Ijyb
  3262 | D:4      | Reached XP level 7. HP: 44/55 MP: 7/7
  3612 | D:4      | Found Cuijuve's Distillery.
  3619 | D:4      | Bought a potion of heal wounds for 70 gold pieces
  3660 | D:4      | Reached skill level 5 in Fighting
  3810 | D:5      | Entered Level 5 of the Dungeon
  3847 | D:5      | Noticed Menkaure
  3853 | D:5      | Killed Menkaure
  3853 | D:5      | Reached skill level 1 in Armour
  3991 | D:5      | Reached XP level 8. HP: 37/64 MP: 8/8
  4076 | D:5      | Noticed Pikel
  4141 | D:5      | Noticed Edmund
  4298 | D:4      | Killed Edmund
  4507 | D:5      | Got a fine leather armour
  4518 | D:5      | Identified the +1 leather armour of the Frog {rPois rN+}
                  | (You found it on level 5 of the Dungeon)
  4625 | D:5      | Noticed Prince Ribbit
  4661 | D:5      | Killed Prince Ribbit
  4882 | D:5      | Killed Pikel
  4882 | D:5      | Reached skill level 5 in Armour
  4882 | D:5      | Reached XP level 9. HP: 72/72 MP: 9/9
  4952 | D:5      | Noticed Sigmund
  4965 | D:5      | Killed Sigmund
  5230 | D:6      | Found a glowing golden altar of the Shining One.
  5926 | D:6      | Found an opulent altar of Gozag.
  6324 | D:7      | You fall into a shaft and drop 2 floors!
  6326 | D:9      | Found an ancient bone altar of Kikubaaqudgha.
  6374 | D:9      | Found a hazy altar of Hepliaklqana.
  6643 | D:9      | Found a blossoming altar of Fedhas.
  6668 | D:8      | Reached XP level 10. HP: 82/82 MP: 7/10
  6747 | D:8      | Found a white marble altar of Elyvilon.
  7270 | D:7      | Reached skill level 5 in Dodging
  7974 | D:7      | Found a staircase to the Ecumenical Temple.
  7980 | Temple   | Entered the Ecumenical Temple
  8012 | Temple   | Became a worshipper of Warmaster Okawaru
  8279 | D:7      | Reached skill level 1 in Invocations
  8676 | D:8      | Reached skill level 5 in Shields
  8925 | D:8      | Found a shimmering altar of Xom.
  8925 | D:8      | Found a stormy altar of Qazlal.
  8993 | D:8      | Found a sacrificial altar of Ru.
  8996 | D:8      | Found a shimmering blue altar of Sif Muna.
  8998 | D:8      | Found an ornate altar of the Wu Jian Council.
  9002 | D:8      | Found a hide-covered altar of Uskayaw.
  9096 | D:8      | Found a staircase to the Lair.
  9101 | D:8      | Reached skill level 10 in Fighting
  9165 | D:9      | Noticed a two-headed ogre
  9225 | D:9      | Reached * piety under Okawaru
  9225 | D:9      | Reached XP level 11. HP: 90/90 MP: 12/12
  9490 | D:9      | Killed a two-headed ogre
  9490 | D:9      | Reached skill level 10 in Crossbows
  9835 | D:10     | Entered Level 10 of the Dungeon
 10018 | D:10     | Reached ** piety under Okawaru
 10336 | D:10     | Found a staircase to the Orcish Mines.
 11005 | D:10     | Noticed a soul eater
 11006 | D:10     | Noticed a sun demon
 11011 | D:10     | HP: 1/92 [soul eater/drain life[a kobold demonologist] (8)]
 11763 | D:11     | Noticed a two-headed ogre
 11770 | D:11     | Noticed a cyan ugly thing
 11775 | D:11     | Reached skill level 5 in Invocations
 11778 | D:11     | Killed a two-headed ogre
 11778 | D:11     | Reached *** piety under Okawaru
 11778 | D:11     | Received a gift from Okawaru
 11787 | D:11     | Killed a cyan ugly thing
 12116 | D:11     | Noticed a death knight
 12116 | D:11     | Noticed a phantasmal warrior
 12116 | D:11     | Noticed a phantasmal warrior
 12116 | D:11     | Noticed a skeletal warrior
 12176 | D:10     | Killed a skeletal warrior
 12176 | D:10     | Reached **** piety under Okawaru
 12251 | Lair:1   | Entered Level 1 of the Lair of Beasts
 12282 | Lair:1   | Noticed Gastronok
 12305 | Lair:1   | Killed Gastronok
 12305 | Lair:1   | Received a gift from Okawaru
 12305 | Lair:1   | Received a gift from Okawaru
 12305 | Lair:1   | Reached XP level 12. HP: 37/100 MP: 16/16
 12674 | Lair:1   | Received a gift from Okawaru
 12926 | Lair:1   | Reached ***** piety under Okawaru
 13289 | Lair:1   | Received a gift from Okawaru
 13530 | Lair:1   | Noticed a five-headed hydra
 13542 | Lair:1   | Slain by a five-headed hydra

Levels and vault maps discovered:
D:1:      scummos_arrival_simple_crosswalls, layout_loops_ring,
          nemelex_diamond_rough_becter
D:2:      layout_basic, nemelex_altar_shiori, kennysheep_generic_room_7
D:3:      layout_basic, gup_sewer_entry_bubbles, first_ration,
          minmay_liquid_box, uniq_terence
D:4:      layout_loops_ring, serial_shops, nicolae_shop_waterfront, uniq_ijyb
D:5:      layout_rooms, serial_glass, glass_columns_c, glass_columns_b,
          glass_columns_b, glass_columns_b, glass_columns_c, glass_columns_a,
          uniq_menkaure, uniq_edmund, uniq_prince_ribbit1, uniq_pikel,
          uniq_sigmund
D:6:      minmay_chambers_of_sixes, layout_basic, nicolae_tso_besieged_by_evil,
          lemuel_coloured_pillars_altar
D:7:      layout_loops_ring, temple_green, the_bakery
D:8:      layout_loops_ring, minitemple, lemuel_round_altar,
          grunt_lair_entry_orc_guard_hut, kennysheep_generic_room_4
D:9:      layout_rooms, overflow_temple_1_default, kiku_gazebo_garden_becter,
          fedhas_ov_isle_minmay
D:10:     layout_roguey, zombieorc2_lemuel, due_unseen_surprise
D:11:     layout_roguey, uniq_erica
Temple:   jpeg_temple_island
Lair:1:   layout_gridlike, serial_forest, infiniplex_forest_diagonal,
          infiniplex_forest_pool, infiniplex_forest_end_1,
          infiniplex_forest_straight_5, infiniplex_forest_lined_2,
          infiniplex_forest_join, infiniplex_forest_clump_long,
          infiniplex_forest_straight_3, infiniplex_forest_end_2,
          lemuel_fruit_tree, uniq_gastronok

Skill      XL: |  1  2  3  4  5  6  7  8  9 10 11 12 |
---------------+-------------------------------------+-----
Fighting       | 3 4 5 7 8 10 11 | 11.6
Shields        | 1 2 3 4 5 8 |  8.9
Crossbows      | 5 6 7 8 9 11 | 11.3
Armour         | 2 5 |  5.5
Dodging        | 3 5 |  5.1
Invocations    | 2 6 7 |  7.4
Stealth        | |  1.2

Action                   |  1- 3 |  4- 6 |  7- 9 | 10-12 || total
-------------------------+-------+-------+-------+-------++-------
Melee: Short sword       |    41 |       |       |       ||    41
       Spear             |    66 |       |       |       ||    66
       Whip              |    21 |   148 |   351 |   563 ||  1083
       Unarmed           |       |     3 |       |       ||     3
 Fire: Hand crossbow     |     1 |       |    22 |   270 ||   293
Throw: Stone             |     8 |    12 |     3 |       ||    23
       Boomerang         |       |       |     1 |     2 ||     3
 Abil: Dig               |       |     6 |     1 |     4 ||    11
       Shaft Self        |       |       |       |     1 ||     1
Evoke: Wand              |       |       |       |     5 ||     5
  Use: Scroll            |     5 |     5 |     7 |    16 ||    33
       Potion            |       |     1 |     3 |    13 ||    17
 Stab: Sleeping          |       |       |       |     1 ||     1
  Eat: Chunk             |     1 |     7 |    11 |    42 ||    61
Armor: Leather armour    |     5 |       |    36 |   130 ||   171
       Ring mail         |    30 |    25 |    31 |       ||    86
       Skin              |       |       |    14 |    25 ||    39
Dodge: Dodged            |    62 |    74 |   119 |   352 ||   607
Block: Buckler           |     4 |    25 |    84 |   200 ||   313

Table legend:
 A = Non-vault XP
 B = Vault XP
 C = Vault XP percentage of total XP
 D = Non-vault monster count
 E = Vault monster count
 F = Vault count percentage of total count
                 A         B        C        D         E       F
            +---------+---------+-------+---------+---------+-------
      Total |   15014 |    5508 |  26.8 |     241 |      81 |  25.2
            +---------+---------+-------+---------+---------+-------
        D:1 |      38 |       0 |   0.0 |      26 |       0 |   0.0
        D:2 |      41 |      40 |  49.4 |      14 |       3 |  17.6
        D:3 |      33 |      29 |  46.8 |      16 |       7 |  30.4
        D:4 |     346 |     202 |  36.9 |      15 |       2 |  11.8
        D:5 |     430 |    1220 |  73.9 |      13 |       4 |  23.5
        D:6 |     546 |     171 |  23.8 |      28 |      16 |  36.4
        D:7 |     803 |     220 |  21.5 |      24 |       1 |   4.0
        D:8 |    2337 |     430 |  15.5 |      27 |       5 |  15.6
        D:9 |    1966 |       0 |   0.0 |      26 |       0 |   0.0
       D:10 |    2612 |     784 |  23.1 |      22 |      36 |  62.1
       D:11 |    2222 |       0 |   0.0 |      12 |       0 |   0.0
     Lair:1 |    3640 |    2276 |  38.5 |      18 |       1 |   5.3
      Sewer |       0 |     136 | 100.0 |       0 |       6 | 100.0
            +---------+---------+-------+---------+---------+-------
